Map: Blackpink LE

Players

Cheesologist

  • Race: Terran Terran
  • League: Master
  • Spawn Location: 7:00

SvetlanaBae - Winner!

  • Race: Protoss Protoss
  • League: Grandmaster
  • Spawn Location: 1:00

VOD

Have the link to the VOD?

Description

Time

  • Played on: Feb. 19, 2018, 3:41 p.m.
  • Length: 9:20
Show
View Real Time Build Order
Export as new Build Order

Cheesologist Terran 

Build Orders: Cyclone Opening 

Get SALT Encoding   

  12  0:00  SCV  
  13  0:13  SCV  
  14  0:17  Supply Depot  
  14  0:25  SCV  
  15  0:29  Refinery  
  15  0:39  SCV  
  16  0:45  Barracks  
  16  0:51  SCV  
  17  0:58  Refinery  
  17  1:03  SCV  
  18  1:15  SCV  
  19  1:27  SCV  
  19  1:32  Marine  
  21  1:34  Factory  
  21  1:40  Orbital Command  
  21  1:51  Barracks Reactor  
  21  1:55  Supply Depot  
  21  2:06  SCV  
  22  2:18  SCV  
  22  2:19  Cyclone  
  26  2:28  Marine x2  
  28  2:33  Supply Depot, SCV  
  29  2:45  SCV  
  29  2:46  Armory  
  30  3:00  SCV  
  30  3:02  Hellion x2  
  35  3:10  Factory, Supply Depot  
  35  3:12  SCV  
  36  3:27  SCV  
  33  3:56  Cyclone x2  
  37  4:08  SCV  
  36  4:13  Factory Reactor  
  36  4:18  Terran Vehicle Weapons Level 1, Command Center  
  36  4:21  SCV  
  37  4:28  Cyclone  
  40  4:33  SCV  
  38  4:43  Engineering Bay  
  38  4:45  SCV  
  38  4:47  Cyclone  
  42  4:55  Factory Tech Lab  
  42  4:57  SCV  
  42  5:00  Cyclone  
  42  5:01  Refinery  
  44  5:10  SCV  
  45  5:15  Refinery, Missile Turret  
  45  5:17  Rapid Fire Launchers  
  45  5:20  Factory  
  45  5:22  SCV  
  44  5:34  SCV  
  45  5:35  Orbital Command  
  45  5:40  Cyclone  
  48  5:46  SCV  
  48  5:47  Missile Turret  
  47  5:56  Cyclone  
  50  5:58  SCV  
  50  6:02  SCV  
  52  6:09  Hellbat x2  
  52  6:10  SCV  
  57  6:14  SCV  
  56  6:22  Cyclone, SCV  
  60  6:26  SCV  
  61  6:34  SCV  
  62  6:41  Supply Depot  
  62  6:47  SCV  
  62  6:49  Hellbat  
  61  6:55  SCV  
  61  7:03  Cyclone x3  
  70  7:10  SCV  
  70  7:14  Command Center  
  70  7:23  Cyclone  
  64  7:35  Cyclone x2  
  58  7:42  SCV  
  58  7:44  Cyclone  
  54  7:47  SCV  
  55  7:54  Cyclone, SCV  
  59  7:59  SCV  
  59  8:02  Supply Depot  
  60  8:06  Cyclone  
  63  8:13  Cyclone  
  63  8:14  SCV  
  63  8:16  SCV  
  65  8:26  SCV  
  64  8:28  SCV  
  64  8:31  Cyclone  
  68  8:38  SCV  
  68  8:40  SCV  
  70  8:47  Cyclone x2  
  76  8:50  SCV  
  76  8:52  SCV  
  78  9:02  SCV  
  82  9:04  SCV  
Show
View Real Time Build Order
Export as new Build Order

SvetlanaBae Protoss - Winner!

Build Orders: 1 Gate Expand, Phoenix Opening 

Get SALT Encoding   

  12  0:00  Probe  
  13  0:13  Probe  
  14  0:18  Pylon  
  14  0:25  Probe  
  15  0:37  Gateway, Probe (Chrono Boost)  
  16  0:43  Assimilator  
  16  0:49  Probe (Chrono Boost)  
  18  0:57  Probe (Chrono Boost)  
  18  1:03  Probe  
  19  1:15  Probe  
  20  1:24  Cybernetics Core  
  20  1:35  Nexus  
  20  1:42  Pylon  
  20  1:43  Probe  
  21  1:51  Assimilator  
  21  1:56  Probe  
  21  1:58  Stalker (Chrono Boost)  
  24  2:03  Warp Gate  
  24  2:08  Probe  
  25  2:20  Probe  
  26  2:33  Probe  
  27  2:37  Stargate  
  27  2:45  Probe  
  27  2:46  Zealot  
  30  2:54  Shield Battery  
  30  2:58  Pylon  
  30  3:00  Probe  
  30  3:03  Probe  
  32  3:12  Probe  
  33  3:16  Probe  
  33  3:18  Shield Battery  
  34  3:23  Phoenix (Chrono Boost)  
  34  3:24  Probe  
  37  3:28  Probe  
  37  3:31  Pylon  
  38  3:36  Pylon  
  38  3:41  Phoenix (Chrono Boost)  
  40  3:48  Probe x2  
  42  3:56  Stalker  
  42  4:00  Probe  
  42  4:01  Probe  
  44  4:05  Pylon  
  44  4:10  Phoenix (Chrono Boost)  
  44  4:13  Probe  
  44  4:14  Probe  
  48  4:18  Twilight Council  
  48  4:25  Probe  
  48  4:26  Probe  
  48  4:29  Phoenix (Chrono Boost)  
  52  4:37  Probe  
  52  4:38  Probe  
  54  4:41  Protoss Air Weapons Level 1  
  54  4:44  Gateway  
  54  4:46  Gateway  
  54  4:49  Probe  
  54  4:52  Probe  
  56  4:53  Assimilator  
  56  4:59  Phoenix  
  58  5:01  Probe  
  59  5:07  Probe  
  59  5:13  Probe  
  61  5:14  Nexus  
  61  5:19  Probe  
  62  5:24  Phoenix  
  62  5:25  Zealot, Probe  
  67  5:32  Forge  
  67  5:35  Forge  
  67  5:38  Pylon  
  67  5:44  Pylon  
  67  5:48  Phoenix (Chrono Boost)  
  69  5:53  Probe  
  69  5:56  Probe  
  71  5:57  Pylon  
  71  6:05  Phoenix (Chrono Boost), Probe  
  71  6:08  Probe  
  71  6:10  Protoss Ground Armor Level 1 (Chrono Boost)  
  75  6:17  Probe  
  74  6:19  Charge  
  74  6:20  Protoss Ground Weapons Level 1 (Chrono Boost), Probe  
  75  6:25  Pylon  
  75  6:28  Zealot  
  75  6:30  Probe x2  
  79  6:32  Probe  
  79  6:33  Zealot, Pylon  
  79  6:35  Sentry  
  79  6:39  Phoenix (Chrono Boost)  
  84  6:42  Probe x2  
  84  6:45  Probe  
  89  6:54  Probe  
  88  7:01  Phoenix (Chrono Boost)  
  88  7:03  Zealot x2  
  88  7:04  Zealot  
  88  7:08  Gateway  
  96  7:09  Gateway  
  96  7:10  Gateway  
  96  7:14  Photon Cannon  
  94  7:15  Shield Battery  
  94  7:16  Pylon  
  84  7:25  Zealot x3  
  86  7:33  Phoenix (Chrono Boost)  
  86  7:36  Probe  
  83  7:41  Probe  
  83  7:42  Probe  
  85  7:45  Gateway  
  85  7:48  Gateway, Probe  
  86  7:52  Phoenix  
  86  7:57  Zealot  
  86  7:58  Zealot x2  
  94  8:05  Nexus  
  94  8:07  Pylon  
  94  8:08  Probe  
  94  8:09  Probe  
  96  8:14  Probe  
  96  8:17  Phoenix  
  99  8:21  Probe  
  100  8:30  Probe  
  100  8:33  Assimilator  
  100  8:34  Probe  
  102  8:35  Assimilator  
  102  8:36  Assimilator  
  102  8:38  Zealot, Stargate  
  102  8:39  Zealot x4  
  112  8:42  Phoenix (Chrono Boost)  
  112  8:43  Assimilator  
  112  8:46  Assimilator  
  112  8:47  Pylon  
  114  8:56  Probe x2  
  100  9:14  Zealot x3  
  100  9:15  Zealot x2  
Tags
 
Add a new tag
Caveats
  • Supply blocks, unpowered buildings, or Contaminate may cause inaccurate times.
  • Supply counts are checked every 10 seconds.